 Dungeon Crawl Stone Soup version 0.27.1-33-g824d729ab1 (webtiles) character file.

Game seed: 6865469971916974156

56 eliilek the Shield-Bearer (level 3, 0/33 HPs)
             Began as a Minotaur Fighter on Dec 17, 2021.
             Succumbed to an adder's poison
             ... on level 2 of the Dungeon on Dec 20, 2021.
             The game lasted 00:06:38 (1491 turns).

eliilek the Shield-Bearer (Minotaur Fighter)        Turns: 1491, Time: 00:06:39

Health: 0/33       AC:  7    Str: 20    XL:     3   Next: 71%
Magic:  11/11      EV:  7    Int:  5    God:
Gold:   80         SH:  9    Dex: 10    Spells: 2/2 levels left

rFire    . . .     SeeInvis .   a - +0 flail
rCold    . . .     Faith    .   c - +0 kite shield
rNeg     + . .     Spirit   .   j - +0 scale mail
rPois    .         Reflect  .   (helmet restricted)
rElec    .         Harm     .   (no cloak)
rCorr    .         Rampage  .   (no gloves)
Will     .....                  (no boots)
Stlth    ..........             (no amulet)
HPRegen  0.11/turn              e - ring of positive energy
MPRegen  0.12/turn              o - ring of magical power

@: mighty, lethally poisoned (0 -> -4)
A: horns 2, retaliatory headbutt
a: no special abilities


You were on level 2 of the Dungeon.
You visited 1 branch of the dungeon, and saw 3 of its levels.

You collected 80 gold pieces.

Inventory:

Hand Weapons
 a - a +0 flail (weapon)
 b - a +0 hunting sling
Missiles
 g - 27 poisoned darts (quivered)
 k - 41 stones
Armour
 c - a +0 kite shield (worn)
 j - a +0 scale mail (worn)
Jewellery
 e - a ring of positive energy (left hand)
 o - a ring of magical power (right hand)
Scrolls
 i - 2 scrolls of teleportation {unknown}
 l - a scroll of identify {unknown}
Potions
 d - a potion of might
 f - a potion of curing {unknown}
 h - a potion of cancellation {unknown}
 m - a potion of degeneration {unknown}
 n - a potion of heal wounds {unknown}


   Skills:
 + Level 4.0 Fighting
 * Level 3.6 Maces & Flails
 + Level 4.0 Armour
 * Level 4.4 Shields


You had 2 spell levels left.
You didn't know any spells.
Your spell library contained the following spells:

 Spells                   Type           Power      Damage    Failure   Level
 Corpse Rot               Necr/Air       N/A        N/A       100%        2
 Poisonous Vapours        Pois/Air       0%         N/A       100%        2
 Freezing Cloud           Conj/Ice/Air   0%         6-21      100%        5


Dungeon Overview and Level Annotations

Branches:
Dungeon (3/15)

Altars:
Gozag


Innate Abilities, Weirdness & Mutations

You have a pair of horns on your head.
You reflexively headbutt those who attack you in melee.


Message History

The adder bites you but does no damage. You block the hobgoblin's attack.
The orc hits you with a +2 vampiric whip.
The adder bites you but does no damage. The hobgoblin hits you.
You closely miss the adder. Your headbutt misses the adder.
You block the orc's attack. The adder bites you but does no damage.
The hobgoblin closely misses you. You furiously retaliate!
You headbutt the hobgoblin.
You kill the hobgoblin!
The orc barely misses you. The adder bites you.
You are poisoned.
The adder poisons you!
You feel very mighty all of a sudden.
You feel sick. The adder bites you.
The orc hits you with a +2 vampiric whip.
You barely miss the adder. You headbutt the adder.
The adder is moderately wounded.
You feel sick. The adder bites you.
* * * LOW HITPOINT WARNING * * *
You are lethally poisoned!
The adder poisons you!
The orc hits you with a +2 vampiric whip.
* * * LOW HITPOINT WARNING * * *
The adder bites you but does no damage.
Your shield prevents you from hitting the adder.
You headbutt the adder.
The adder is severely wounded.
* * * LOW HITPOINT WARNING * * *
You feel very sick. The orc closely misses you.
The adder bites you but does no damage. The orc barely misses you.
You block the adder's attack.
You closely miss the adder.
The adder is severely wounded.
* * * LOW HITPOINT WARNING * * *
You feel sick. You block the adder's attack. You block the orc's attack.
The adder bites you but does no damage.
Unknown command.
Unknown command.
You sock the adder!
You kill the adder!
You die...

#..# ##.#........####..##
#.## #....###.........##
####.# #....###.......#####
#....# ##..###..............
#<#######..##...........#####
#.# #...........#......## #
#.# #....).....##......# #.#
#..........#.......# #.#
#......o@[......####
##.####......##..#...#
##..##........##.#..>.#
#..#...#.....###.#.#.##
#.##.###.....# #...### #....#
####### ##### ######


You could see an orc.

Vanquished Creatures
  2 adders (D:2)
  A dart slug (D:2)
  An orc (D:2)
  3 endoplasms
  2 giant cockroaches (D:1)
  4 goblins
  4 hobgoblins
  3 jackals (D:1)
  3 quokkas
  2 ball pythons
  7 bats
  4 frilled lizards
  3 kobolds
  5 rats
44 creatures vanquished.

Notes
Turn   | Place    | Note
-------+----------+-------------------------------------------
     0 | D:1      | eliilek the Minotaur Fighter began the quest for the Orb.
     0 | D:1      | Reached XP level 1. HP: 19/19 MP: 0/0
   260 | D:1      | Reached XP level 2. HP: 27/27 MP: 1/1
   810 | D:2      | Found an opulent altar of Gozag.
   851 | D:2      | Reached XP level 3. HP: 31/33 MP: 2/2
  1490 | D:2      | HP: 1/33 [poisoned by an adder]
  1491 | D:2      | Succumbed to an adder's poison

Illustrated notes

Levels and vault maps discovered:
D:1:      evilmike_arrival_crescent, layout_loops_ring
D:2:      layout_rooms, basic_altar, corner_web_ring
D:3:      layout_basic, mainiacjoe_overflow_cross_hatched,
          grunt_temple_overflow_cloverleaf, old_standard_altar

Skill      XL: |  1  2  3 |
---------------+----------+-----
Shields        | 4 |  4.4
Maces & Flails | 3 |  3.6
Armour         | 4 |  4.0
Fighting       | 4 |  4.0

Action                   || total
-------------------------++-------
Melee: Flail             ||    86
       Headbutt          ||    19
 Fire: Hunting sling     ||    27
  Use: Potion            ||     1
Armor: Scale mail        ||    60
Dodge: Dodged            ||    30
Block: Kite shield       ||    45
